 Dungeon Crawl Stone Soup version 0.23.2-40-g277498a (webtiles) character file.

Game seed: 13976971019378858031

10451 zhovat1 the Thaumaturge (level 11, 0/68 HPs)
             Began as a Deep Elf Fire Elementalist on Aug 14, 2019.
             Was an Elder of Vehumet.
             Slain by a six-headed hydra (14 damage)
             ... on level 11 of the Dungeon.
             The game lasted 00:27:17 (15854 turns).

zhovat1 the Thaumaturge (DEFE)                     Turns: 15854, Time: 00:27:17

Health: 0/68       AC:  6    Str:  7    XL:     11   Next: 36%
Magic:  19/26      EV: 34    Int: 24    God:    Vehumet [****..]
Gold:   468        SH:  0    Dex: 19    Spells: 14/28 levels left

rFire    + + +     SeeInvis .   A - +4 spear of the Invisible Moons {freeze, rF+ Str+2 Dex+4}
rCold    x x .     Gourm    .   (no shield)
rNeg     . . .     Faith    .   a - +0 robe
rPois    .         Spirit   .   d - +2 helmet
rElec    .         Reflect  .   (no cloak)
rCorr    .         Harm     .   B - +0 pair of gloves
MR       +....                  (no boots)
Stlth    ++........             y - amulet of the acrobat
HPRegen  0.21/turn              q - ring of fire
MPRegen  0.20/turn              g - ring of fire

@: acrobat, studying Armour
A: no striking features
a: Renounce Religion


You were on level 11 of the Dungeon.
You worshipped Vehumet.
Vehumet was greatly pleased with you.
You were hungry.

You visited 1 branch of the dungeon, and saw 11 of its levels.
You also visited: Sewer.

You collected 468 gold pieces.

Inventory:

Hand Weapons
 n - a +1 dagger of flaming
 A - the +4 spear of the Invisible Moons (weapon) {freeze, rF+ Str+2 Dex+4}
   (You found it on level 5 of the Dungeon)

   It has been specially enchanted to freeze those struck by it, causing extra
   injury to most foes and up to half again as much damage against particularly
   susceptible opponents.
   It can also slow down cold-blooded creatures.
   It affects your strength (+2).
   It affects your dexterity (+4).
   It protects you from fire.
 E - the +7 mace of Variability {chain chaos}
   (You found it on level 8 of the Dungeon)

   Each time it hits an enemy it has a different, random effect.
Armour
 a - a +0 robe (worn)
 d - a +2 helmet (worn)
 B - a +0 pair of gloves (worn)
 G - a +0 buckler
Jewellery
 b - an uncursed ring of protection from cold
 g - a ring of fire (right hand)
 q - a ring of fire (left hand)
 y - an amulet of the acrobat (around neck)
 F - a +3 ring of evasion {unknown}
 K - a cursed -3 ring of protection {unknown}
 P - a cursed ring of teleportation {unknown}
Wands
 t - a wand of flame (15)
 w - a wand of random effects (19)
 x - a wand of disintegration (12)
 C - a wand of digging (3)
 I - a wand of iceblast (8)
Scrolls
 e - 5 scrolls of teleportation
 f - 2 scrolls of remove curse
 m - 3 scrolls of blinking
 p - 3 scrolls of fog
 u - 3 scrolls of magic mapping
 D - a scroll of enchant weapon
 J - a scroll of fear
 L - a scroll of identify
Potions
 h - a potion of heal wounds
 i - 2 potions of brilliance
 j - 3 potions of might {unknown}
 k - 4 potions of degeneration {unknown}
 l - 3 potions of lignification {unknown}
 o - 4 potions of haste {unknown}
 r - 2 potions of agility
 s - 13 potions of curing {unknown}
 v - a potion of flight {unknown}
 H - a potion of cancellation {unknown}
Books
 z - a manual of Armour
Miscellaneous
 M - a phantom mirror
Comestibles
 c - 21 rations


   Skills:
 * Level 7.8 Fighting
 + Level 8.3 Dodging
 - Level 2.4 Stealth
 + Level 2.5 Shields
 + Level 9.1 Spellcasting
 + Level 7.8 Conjurations
 + Level 8.0 Fire Magic
 + Level 3.3 Ice Magic
 + Level 6.1 Evocations


You had 14 spell levels left.
You knew the following spells:

 Your Spells              Type           Power        Failure   Level  Hunger
a - Flame Tongue          Conj/Fire      #####        1%          1    None
b - Throw Flame           Conj/Fire      ######       1%          2    None
c - Conjure Flame         Conj/Fire      #######.     1%          3    None
d - Fireball              Conj/Fire      #######...   1%          5    ####...
e - Magic Dart            Conj           ####         1%          1    None
f - Throw Frost           Conj/Ice       #####.       1%          2    None

Your spell library contained the following spells:

 Spells                   Type           Power        Failure   Level  Hunger
 Dazzling Spray           Conj/Hex       ####..       1%          3    None
 Inner Flame              Hex/Fire       ######..     1%          3    None
 Sticky Flame             Conj/Fire      #######.     1%          4    ##.....
 Confusing Touch          Hex            ##....       6%          1    None
 Confuse                  Hex            ##......     17%         3    None
 Gell's Gravitas          Tloc           ##........   17%         3    None
 Yara's Violent Unravell  Hex/Tmut       ##........   36%         5    ####...
 Petrify                  Tmut/Erth      ##......     50%         4    ##.....
 Metabolic Englaciation   Hex/Ice        ###.......   63%         5    ####...


Dungeon Overview and Level Annotations

Branches:
Dungeon (11/15)            Temple (0/1) D:7            Lair (0/6) D:10
    Orc (0/2) D:10

Altars:
Elyvilon
Fedhas
Gozag
Nemelex Xobeh
Okawaru
Qazlal
Trog
Uskayaw
Vehumet
Xom
Yredelemnul

Shops:
D:4 !   D:8 (   D:10 (

Annotations:
D:9 3 runed translucent doors, Everfinderer's ghost, novice GrEE


Message History

The six-headed hydra closely misses you.
The six-headed hydra misses you.
The six-headed hydra bites you but does no damage.
The six-headed hydra completely misses you.
The six-headed hydra bites you but does no damage.
Casting: Flame Tongue (safe; 1% risk of failure)
Confirm with . or Enter, or press ? or * to list all spells.
Aiming: Flame Tongue (safe; 1% risk of failure)
Press: ? - help, Shift-Dir - straight line, f/p - soldier ant
Aim: a soldier ant (moderately wounded)
You feel a strong surge of power!
The flame tongue hits the six-headed hydra.
The six-headed hydra is heavily wounded.
The six-headed hydra closely misses you.
The six-headed hydra bites you but does no damage.
The six-headed hydra bites you! x4
* * * LOW HITPOINT WARNING * * *
Okay, then.
The six-headed hydra bites you!
You die...

[.D...# #......# #D# #......#
#.# #......# ##.## #......#
#...# #......#
...#...###########......#
...........§.))a.#......#
.......#...#####D#......#
.......#...# #@##.###.######
##.....#...#####.##.#
#......#
#..#+##...#........###......#
##. #...#.................#
#. #####.............#####
#.............#
#........∩....#
#.............#
...............#


You could see a six-headed hydra and a soldier ant.

Vanquished Creatures
  2 two-headed ogres
  Urug (D:10)
  Pikel (D:6)
  A cyclops (D:11)
  A kobold demonologist (D:11)
  A merfolk (D:10)
  3 hippogriffs
  7 yaks (D:10)
  2 wyverns
  2 chaos spawn (D:8)
  2 wargs (D:10)
  2 orc warriors (D:10)
  A black bear (D:10)
  4 slaves (D:6)
  3 ice beasts
  4 ogres
  2 phantoms
  2 centaurs
  6 big kobolds
  3 bullfrogs
  5 scorpions
  5 killer bees (D:10)
  4 howler monkeys
  10 wights
  6 electric eels (D:7)
  4 crimson imps
  4 hounds
  A quasit (D:10)
  3 centaur skeletons
  2 jellies (D:5)
  4 orc priests
  6 orc wizards
  A bullfrog skeleton (D:5)
  A gnoll shaman (D:5)
  6 iguanas
  8 worker ants
  A killer bee zombie (D:5)
  2 worker ant zombies
  6 gnolls
  12 adders
  7 river rats (Sewer)
  A shadow imp (D:6)
  2 oozes
  An adder zombie (D:8)
  2 adder skeletons (D:6)
  3 worms
  3 dart slugs
  8 leopard geckos
  35 orcs
  7 giant cockroaches
  8 goblins
  10 hobgoblins
  26 jackals
  3 quokkas
  3 ball pythons
  8 bats
  8 frilled lizards
  A jackal skeleton (D:7)
  29 kobolds
  24 rats
  2 plants (D:7)
332 creatures vanquished.

Vanquished Creatures (collateral kills)
  A quokka (D:10)
1 creature vanquished.

Vanquished Creatures (others)
  A bat (D:3)
  2 plants (D:7)
3 creatures vanquished.

Grand Total: 336 creatures vanquished

Notes
Turn   | Place    | Note
-------+----------+-------------------------------------------
     0 | D:1      | zhovat1 the Deep Elf Fire Elementalist began the quest for
                  | the Orb.
     0 | D:1      | Reached XP level 1. HP: 10/10 MP: 6/6
   366 | D:1      | Reached XP level 2. HP: 16/16 MP: 6/8
   813 | D:1      | Reached skill level 1 in Fighting
  1105 | D:2      | Learned a level 2 spell: Throw Flame
  1226 | D:2      | Reached XP level 3. HP: 20/20 MP: 4/9
  1820 | D:2      | Reached XP level 4. HP: 25/25 MP: 8/11
  2157 | D:2      | Learned a level 3 spell: Conjure Flame
  2295 | D:3      | Found a white marble altar of Elyvilon.
  3474 | D:3      | Found a hide-covered altar of Uskayaw.
  3475 | D:3      | Found a blossoming altar of Fedhas.
  3599 | D:4      | Reached XP level 5. HP: 30/30 MP: 12/12
  3620 | D:4      | Noticed an ogre
  4028 | D:4      | Found a bloodstained altar of Trog.
  4091 | D:4      | Found a glowing drain.
  4100 | Sewer    | Entered a sewer
  4117 | Sewer    | Reached skill level 4 in Spellcasting
  4380 | Sewer    | Reached XP level 6. HP: 32/36 MP: 7/14
  4570 | Sewer    | HP: 1/36 [big kobold/+0 dagger (3)]
  5266 | D:4      | Found a radiant altar of Vehumet.
  5338 | D:4      | Learned a level 5 spell: Fireball
  5341 | D:4      | Found Ufonai's Distillery.
  5384 | D:4      | Reached XP level 7. HP: 41/41 MP: 12/16
  5593 | D:4      | Became a worshipper of Vehumet
  5710 | D:5      | Entered Level 5 of the Dungeon
  5717 | D:4      | Reached skill level 5 in Spellcasting
  5969 | D:5      | Reached skill level 5 in Fire Magic
  6213 | D:5      | Reached XP level 8. HP: 30/48 MP: 13/18
  6215 | D:5      | Reached skill level 1 in Evocations
  6259 | D:5      | Got a pitted spear
  6260 | D:5      | Identified the +4 spear of the Invisible Moons {freeze, rF+
                  | Str+2 Dex+4} (You found it on level 5 of the Dungeon)
  6473 | D:5      | Reached skill level 5 in Dodging
  6715 | D:5      | Reached skill level 5 in Conjurations
  6724 | D:5      | Reached skill level 6 in Spellcasting
  6739 | D:5      | Reached * piety under Vehumet
  6739 | D:5      | Offered knowledge of Sting by Vehumet.
  7041 | D:6      | Reached skill level 5 in Fighting
  8360 | D:7      | Noticed Pikel
  9079 | D:6      | Killed Pikel
  9079 | D:6      | Reached XP level 9. HP: 41/54 MP: 13/21
  9421 | D:7      | Reached ** piety under Vehumet
  9497 | D:7      | Offered knowledge of Magic Dart by Vehumet.
  9500 | D:7      | Learned a level 1 spell: Magic Dart
  9553 | D:7      | Reached skill level 7 in Spellcasting
 10014 | D:7      | Found a white marble altar of Elyvilon.
 10083 | D:7      | Found a staircase to the Ecumenical Temple.
 10265 | D:8      | Found a sparkling altar of Nemelex Xobeh.
 10266 | D:8      | Found a stormy altar of Qazlal.
 10269 | D:8      | Found a basalt altar of Yredelemnul.
 10272 | D:8      | Found Ugomno's Weapon Emporium.
 10415 | D:8      | Found an opulent altar of Gozag.
 10798 | D:8      | Found a shimmering altar of Xom.
 10799 | D:8      | Found the +7 mace of Variability {chain chaos}
 10841 | D:8      | Noticed a two-headed ogre
 10858 | D:8      | Killed a two-headed ogre
 10858 | D:8      | Reached XP level 10. HP: 61/61 MP: 8/23
 11031 | D:8      | Offered knowledge of Throw Frost by Vehumet.
 11370 | D:8      | Found an iron altar of Okawaru.
 11698 | D:8      | Learned a level 2 spell: Throw Frost
 11874 | D:9      | Found a runed translucent gate.
 11874 | D:9      | Found a runed translucent gate.
 11874 | D:9      | Found a runed translucent gate.
 11875 | D:9      | Identified the +9 whip of Ziug {venom, MR+}
 11875 | D:9      | Noticed Everfinderer's ghost (novice GrEE)
 11917 | D:9      | Reached skill level 5 in Evocations
 12099 | D:9      | Reached skill level 8 in Spellcasting
 12366 | D:9      | Reached *** piety under Vehumet
 12781 | D:9      | Reached skill level 1 in Ice Magic
 13077 | D:9      | Reached skill level 1 in Shields
 13547 | D:10     | Entered Level 10 of the Dungeon
 13583 | D:10     | Noticed Urug
 13608 | D:10     | Killed Urug
 13971 | D:10     | Offered knowledge of Fulminant Prism by Vehumet.
 14125 | D:10     | Found a staircase to the Lair.
 14212 | D:10     | Reached XP level 11. HP: 36/67 MP: 6/25
 14501 | D:10     | Noticed a two-headed ogre
 14513 | D:10     | Killed a two-headed ogre
 14949 | D:10     | Reached **** piety under Vehumet
 14970 | D:10     | Found a staircase to the Orcish Mines.
 15058 | D:10     | Found Soutam's Antique Weapon Boutique.
 15060 | D:10     | Offered knowledge of Dazzling Spray by Vehumet.
 15088 | D:10     | Found a white marble altar of Elyvilon.
 15092 | D:10     | Reached skill level 9 in Spellcasting
 15400 | D:11     | Found a gate leading to a gauntlet.
 15832 | D:11     | Noticed a six-headed hydra
 15835 | D:11     | Noticed a four-headed hydra
 15854 | D:11     | Slain by a six-headed hydra

Skill      XL: |  1  2  3  4  5  6  7  8  9 10 11 |
---------------+----------------------------------+-----
Fighting       | 1 2 3 4 5 6 7 |  7.8
Conjurations   | 2 3 4 5 6 7 |  7.8
Dodging        | 3 4 6 7 8 |  8.3
Spellcasting   | 4 5 6 7 8 9 |  9.1
Fire Magic     | 4 5 6 7 8 |  8.0
Evocations     | 3 4 5 6 |  6.1
Ice Magic      | 2 3 |  3.3
Shields        | 2 |  2.5
Stealth        | |  2.4

Action                   |  1- 3 |  4- 6 |  7- 9 | 10-12 || total
-------------------------+-------+-------+-------+-------++-------
Melee: Short sword       |    71 |    57 |       |       ||   128
       Dagger            |       |    49 |    25 |       ||    74
       Spear             |       |       |   128 |    35 ||   163
 Cast: Flame Tongue      |    51 |   133 |   124 |   237 ||   545
       Throw Flame       |     9 |    22 |   101 |    90 ||   222
       Conjure Flame     |       |       |     3 |    10 ||    13
       Magic Dart        |       |       |       |     8 ||     8
       Throw Frost       |       |       |       |    26 ||    26
       Fireball          |       |       |       |     2 ||     2
  Use: Scroll            |     7 |     7 |     4 |     4 ||    22
       Potion            |       |     1 |       |     2 ||     3
 Stab: Sleeping          |     1 |     3 |     4 |     1 ||     9
       Distracted        |       |     1 |     1 |       ||     2
  Eat: Chunk             |     2 |     9 |    17 |    15 ||    43
       Ration            |       |     1 |       |       ||     1
Armor: Robe              |    35 |    43 |    25 |    21 ||   124
Dodge: Dodged            |   120 |   118 |   169 |   153 ||   560
